 Dungeon Crawl Stone Soup version 0.24-a0-274-gb3763e6d51 (webtiles) character file.

Game seed: 3466143966769315587

1192 HAL9000 the Covert (level 8, -1/38 HPs)
             Began as a Vine Stalker Assassin on Apr 26, 2019.
             Slain by a wight
             ... wielding a +4 flail of freezing
              (3 damage)
             ... on level 6 of the Dungeon.
             The game lasted 00:12:08 (5390 turns).

HAL9000 the Covert (Vine Stalker Assassin)          Turns: 5390, Time: 00:12:09

Health: -1/38      AC:  4    Str: 21    XL:     8   Next: 43%
Magic:  0/9        EV: 11    Int: 11    God:
Gold:   206        SH:  0    Dex: 16    Spells: 7/7 levels left

rFire    . . .     SeeInvis .   p - +2 dagger (drain)
rCold    . . .     Gourm    .   (no shield)
rNeg     . . .     Faith    .   c - +0 robe
rPois    .         Spirit   +   x - +1 hat
rElec    .         Reflect  .   d - +0 cloak
rCorr    .         Harm     +   (no gloves)
MR       +....                  (no boots)
Stlth    ++++......             B - amulet of harm
HPRegen  0.52/turn              i - ring of flight
MPRegen  0.11/turn              C - +5 ring of strength

@: drained
A: fangs 3, regeneration 1, magic shield, antimagic bite, no potion heal 3, rot
immunity
a: Evoke Flight


You were on level 6 of the Dungeon.
You were not hungry.

You visited 1 branch of the dungeon, and saw 6 of its levels.
You also visited: Sewer.

You collected 206 gold pieces.

Inventory:

Hand Weapons
 b - a +0 blowgun
 p - a +2 dagger of draining (weapon)
Missiles
 e - 26 poisoned needles
 f - a curare-tipped needle
 r - 10 tomahawks (quivered)
Armour
 c - a +0 robe (worn)
 d - a +0 cloak (worn)
 q - a +0 shield
 x - a +1 hat (worn)
Jewellery
 i - a ring of flight (left hand)
 B - an amulet of harm (around neck)
 C - a +5 ring of strength (right hand)
Wands
 A - a wand of digging (4)
Scrolls
 h - 2 scrolls of enchant weapon {unknown}
 j - a scroll of enchant armour {unknown}
 k - 6 scrolls of identify
 n - 3 scrolls of teleportation {unknown}
 u - a scroll of amnesia {unknown}
 v - 2 scrolls of remove curse {unknown}
 y - 2 scrolls of magic mapping {unknown}
 z - a scroll of fear {unknown}
Potions
 a - 7 potions of curing
 l - 2 potions of might {unknown}
 m - a potion of degeneration {unknown}
 o - a potion of haste {unknown}
 t - a potion of resistance {unknown}
 w - 3 potions of heal wounds {unknown}
 D - 2 potions of flight {unknown}
Comestibles
 g - 6 rations


   Skills:
 - Level 1.7(0.8) Fighting
 + Level 5.9(4.9) Short Blades
 - Level 1.7(0.8) Throwing
 - Level 0.7(0.0) Dodging
 + Level 10.8(9.6) Stealth


You had 7 spell levels left.
You didn't know any spells.
Your spell library contained the following spells:

 Spells                   Type           Power        Failure   Level  Hunger
 Animate Skeleton         Necr           N/A          34%         1    ##.....
 Apportation              Tloc           #.....       34%         1    ##.....
 Confusing Touch          Hex            #.....       34%         1    ##.....
 Magic Dart               Conj           #...         34%         1    ##.....
 Summon Small Mammal      Summ           #...         34%         1    ##.....
 Blink                    Tloc           N/A          47%         2    ###....
 Call Imp                 Summ           #.......     47%         2    ###....
 Slow                     Hex            #.......     47%         2    ###....
 Conjure Flame            Conj/Fire      #.......     71%         3    ####...
 Mephitic Cloud           Conj/Pois/Air  #.......     71%         3    ####...


Dungeon Overview and Level Annotations

Branches:
Dungeon (6/15)
 Temple: D:4-7

Altars:
Ashenzari
Cheibriados
Sif Muna
Uskayaw
Zin

Shops:
D:6 =

Annotations:
D:3 3 runed translucent doors, Yosebu's ghost, amateur MiMo
D:5 2 runed translucent doors


Innate Abilities, Weirdness & Mutations

You have razor-sharp teeth.
Your natural rate of healing is unusually fast.
When hurt, damage is shared between your health and your magic reserves.
Your bite disrupts and absorbs the magic of your enemies.
Potions cannot restore your health.
You are immune to rotting.


Message History

The wight hits you but does no damage.
You hit the wight but do no damage.
The wight is almost destroyed.
The wight hits you but does no damage.
You hit the wight but do no damage.
The wight is almost destroyed.
You feel less wooden.
Your +0 cloak unmelds from your body.
Your +1 hat unmelds from your body.
Your +0 robe unmelds from your body.
The wight hits you with a +4 flail of freezing.
* * * LOW HITPOINT WARNING * * *
The wight freezes you.
* * * LOW HITPOINT WARNING * * *
You barely miss the wight.
The wight is almost destroyed.
The wight closely misses you.
The wight hits you with a +4 flail of freezing.
* * * LOW HITPOINT WARNING * * *
The wight freezes you.
You die...

#.#.# ##.###..######.#
#.#.# #...#.## #(# #.#.#
###...#######.# ..#.#
##..........##.#
..z.####..##..#+#...#.#
#......###..#∩#.....#
#.###...##..#'#.....#
##.####...#.....(...)#
#...z@z.#............#
.......#######...........#
...###.# ..............#
... ... .>####.........>.
.. ##.# #.........#. . #.#
#.........#. #.#
#.........# #. ##........


You could see 2 wights.

Vanquished Creatures
  Purgy (D:4)
  An orc warrior (D:5)
  An ogre (D:4)
  A big kobold (Sewer)
  A bullfrog (D:5)
  A gnoll sergeant (D:5)
  A scorpion (D:6)
  5 wights
  A howler monkey (D:5)
  A centaur zombie (D:5)
  A jelly (D:5)
  4 orc wizards
  A bullfrog skeleton (D:4)
  An iguana (D:4)
  A worker ant (D:4)
  A hound skeleton (D:4)
  6 adders
  An ooze (D:5)
  An adder skeleton (D:6)
  4 worms
  2 dart slugs (D:1)
  5 leopard geckos
  7 orcs
  11 giant cockroaches
  3 goblins
  4 hobgoblins
  7 jackals
  A quokka (D:3)
  A ball python (D:3)
  5 bats
  4 frilled lizards
  8 kobolds
  A leopard gecko skeleton (D:4)
  14 rats
108 creatures vanquished.

Notes
Turn   | Place    | Note
-------+----------+-------------------------------------------
     0 | D:1      | HAL9000 the Vine Stalker Assassin began the quest for the
                  | Orb.
     0 | D:1      | Reached XP level 1. HP: 11/11 MP: 2/2
   131 | D:1      | Reached skill level 5 in Stealth
   170 | D:1      | Reached XP level 2. HP: 9/15 MP: 3/3
   652 | D:2      | Reached skill level 6 in Stealth
   652 | D:2      | Reached XP level 3. HP: 13/18 MP: 4/4
  1141 | D:2      | Found a shattered altar of Ashenzari.
  1141 | D:2      | Found a deep blue altar of Sif Muna.
  1141 | D:2      | Found a hide-covered altar of Uskayaw.
  1377 | D:2      | Gained mutation: Your natural rate of healing is unusually
                  | fast. [Vine Stalker growth]
  1377 | D:2      | Reached XP level 4. HP: 10/23 MP: 5/5
  1650 | D:3      | Reached skill level 7 in Stealth
  1765 | D:3      | Found a runed translucent gate.
  1765 | D:3      | Found a runed translucent gate.
  1765 | D:3      | Found a runed translucent gate.
  1769 | D:3      | Noticed Yosebu's ghost (amateur MiMo)
  1785 | D:3      | Found a glowing silver altar of Zin.
  1977 | D:3      | Found a snail-covered altar of Cheibriados.
  2275 | D:4      | Noticed an ogre
  2293 | D:4      | Killed an ogre
  2293 | D:4      | Reached XP level 5. HP: 26/26 MP: 6/6
  2378 | D:4      | Reached skill level 8 in Stealth
  2378 | D:4      | Reached XP level 6. HP: 25/30 MP: 5/7
  2650 | D:4      | Noticed Purgy
  2680 | D:4      | Killed Purgy
  3175 | D:4      | Reached skill level 9 in Stealth
  3195 | D:4      | Reached XP level 7. HP: 30/34 MP: 8/8
  3320 | D:5      | Entered Level 5 of the Dungeon
  3453 | D:5      | Found a glowing drain.
  3462 | Sewer    | Entered a sewer
  3674 | Sewer    | Found a white marble altar of Elyvilon.
  3800 | D:5      | HP: 1/34 [wight/+0 long sword (3)]
  4253 | D:5      | Found a runed translucent door.
  4257 | D:5      | Found a runed translucent door.
  4262 | D:5      | Reached skill level 5 in Short Blades
  4262 | D:5      | Reached skill level 10 in Stealth
  4688 | D:5      | Gained mutation: You have razor-sharp teeth. [Vine Stalker
                  | growth]
  4688 | D:5      | Reached XP level 8. HP: 27/38 MP: 7/9
  5343 | D:6      | Found Gaeruiga's Jewellery Boutique.
  5390 | D:6      | Slain by a wight

Levels and vault maps discovered:
D:1:      dpeg_arrival_rhombus, layout_basic
D:2:      layout_loops_cross, gammafunk_temple_overflow_forgotten
D:3:      layout_loops_cross, cheibriados_altar_1, lemuel_doored_altar,
          gammafunk_ghost_split, first_ration
D:4:      minmay_chambers_of_fours, layout_loops_ring, corexii_corridor_pit,
          corexii_hall_statues_s, hangedman_decor_clover_reticule, uniq_purgy
D:5:      lemuel_insect_pit, layout_basic, gup_sewer_entry_pipe, sword_in_stone
D:6:      layout_rooms, serial_shops, shop, kennysheep_mini, nicolae_shop_stone,
          nicolae_shop_behind_doors, tso_metal_star

Skill      XL: |  1  2  3  4  5  6  7 |
---------------+----------------------+-----
Stealth        | 5 6 7 8 9 10 | 10.8
Short Blades   | 2 3 5 |  5.9
Fighting       | |  1.7
Throwing       | |  1.7
Dodging        | |  0.7

Action                   |  1- 3 |  4- 6 |  7- 9 || total
-------------------------+-------+-------+-------++-------
Melee: Dagger            |    71 |   101 |   185 ||   357
       Bite              |    17 |    18 |    56 ||    91
 Fire: Blowgun           |       |     1 |     2 ||     3
Throw: Tomahawk          |     4 |       |    20 ||    24
 Abil: Evoke Flight      |       |       |     1 ||     1
  Use: Scroll            |       |     2 |       ||     2
       Potion            |       |     1 |     3 ||     4
 Stab: Sleeping          |     8 |    12 |     8 ||    28
  Eat: Chunk             |       |     7 |     5 ||    12
       Ration            |       |       |     1 ||     1
Armor: Robe              |    15 |    15 |    18 ||    48
       Skin              |       |    58 |    16 ||    74
Dodge: Dodged            |    37 |    21 |    68 ||   126

Table legend:
 A = Non-vault XP
 B = Vault XP
 C = Vault XP percentage of total XP
 D = Non-vault monster count
 E = Vault monster count
 F = Vault count percentage of total count
                 A         B        C        D         E       F
            +---------+---------+-------+---------+---------+-------
      Total |     904 |     799 |  46.9 |      80 |      28 |  25.9
            +---------+---------+-------+---------+---------+-------
        D:1 |      29 |       0 |   0.0 |      17 |       0 |   0.0
        D:2 |      58 |       0 |   0.0 |      18 |       0 |   0.0
        D:3 |      51 |       0 |   0.0 |      16 |       0 |   0.0
        D:4 |     278 |     335 |  54.6 |      13 |       7 |  35.0
        D:5 |     295 |     351 |  54.3 |      11 |      10 |  47.6
        D:6 |     193 |       0 |   0.0 |       5 |       0 |   0.0
      Sewer |       0 |     113 | 100.0 |       0 |      11 | 100.0
            +---------+---------+-------+---------+---------+-------
